AoeStats
← NDF

Arena

506548474Analyzed
1v1 RM · 18d ago on Sep 14, 2026· 27m 38s· 2 players
Game mode
Random Map
Map size
Tiny (2 player)
Population
200
Speed
Normal
Resources
Standard
Victory
Conquest
Starting age
Dark Age
Ending age
Imperial Age
RankedLock teamsTeams togetherTeam positionsShared explorationLock speedFull tech treeHidden civsTurbo modeCheats
Victory
Defeat
🇦🇷 Teutons · Argentina
534
+14
🇨🇴 Cumans · Colombia
495
-14
soystaxy
10:24 Feudal Age
11:07 Double-Bit Axe
11:18 Horse Collar
16:10 Gold Mining
18:56 Wheelbarrow
25:09 Scale Barding Armor
29:01 Castle Age
27:35 Bloodlines
27:40 Forging
NDF
2:58 Loom
13:18 Feudal Age
14:11 Man-at-Arms
20:27 Castle Age
19:11 Horse Collar
19:21 Double-Bit Axe
21:46 Arson
22:01 Squires
21:24 Crossbowman
Connection lost

Rejoining the realm…

Still unreachable

The connection could not be restored.

Session expired

The server has moved on; the page needs a fresh start.